 Dungeon Crawl Stone Soup version 0.22.1-1-ga44c0e5 (webtiles) character file.

7133 imbaray the Grappler (level 10, -6/107 HPs)
             Began as a Troll Monk on Oct 13, 2018.
             Was a Priest of Wu Jian.
             Killed from afar by Josephine (17 damage)
             ... with a ghostly fireball
             ... on level 10 of the Dungeon.
             The game lasted 00:20:20 (6903 turns).

imbaray the Grappler (Troll Monk)                   Turns: 6903, Time: 00:20:20

Health: -6/107     AC: 11    Str: 26    XL:     10   Next: 85%
Magic:  10/10      EV: 14    Int:  6    God:    Wu Jian [***...]
Gold:   653        SH:  0    Dex: 15    Spells: 9/9 levels left

rFire    . . .     SeeInvis .     - Unarmed
rCold    + . .     Gourm    +   (no shield)
rNeg     . . .     Faith    .   C - +1 troll leather armour
rPois    .         Spirit   .   (helmet restricted)
rElec    .         Reflect  .   i - +2 cloak
rCorr    .         Harm     .   (gloves unavailable)
MR       .....                  (boots unavailable)
Stlth    +.........             n - amulet of magic regeneration
HPRegen  1.07/turn              e - +3 ring of strength
MPRegen  0.37/turn              r - ring of protection from cold

@: heavily drained
A: large, unfitting armour, claws 3, horns 1, fast metabolism 3, gourmand,
regeneration 1, robust 1, shaggy fur 1, strong 1, tough skin 2
a: Wall Jump, Serpent's Lash, Renounce Religion


You were on level 10 of the Dungeon.
You worshipped Wu Jian.
Wu Jian was most pleased with you.
You were completely stuffed.

You visited 2 branches of the dungeon, and saw 11 of its levels.

You collected 653 gold pieces.

Inventory:

Armour
 a - a +1 robe of fire resistance
 i - a +2 cloak (worn)
 C - a +1 troll leather armour (worn)
Jewellery
 e - a +3 ring of strength (left claw)
 n - an amulet of magic regeneration (around neck)
 p - an uncursed ring of teleportation
 q - a +6 ring of intelligence
 r - a ring of protection from cold (right claw)
 B - an uncursed ring of flight
Wands
 A - a wand of scattershot (5)
Scrolls
 c - a scroll of fear
 j - a scroll of magic mapping
 k - 4 scrolls of enchant weapon
 o - 7 scrolls of teleportation
 t - 2 scrolls of noise
 v - 2 scrolls of amnesia
 w - 3 scrolls of identify
 z - a scroll of remove curse
Potions
 d - 2 potions of lignification
 f - a potion of cancellation
 g - a potion of curing
 h - a potion of haste
 l - a potion of might
 m - a potion of flight
 s - 3 potions of agility
 u - 2 potions of mutation
Miscellaneous
 x - a sack of spiders
 y - a phial of floods
Comestibles
 b - 16 rations
 D - 6 chunks of flesh


   Skills:
 + Level 6.0(4.7) Fighting
 + Level 8.6(7.3) Dodging
 - Level 1.0(0.0) Stealth
 - Level 13.2(11.7) Unarmed Combat
 + Level 1.7(0.6) Evocations


You had 9 spell levels left.
You didn't know any spells.
Your spell library contained the following spells:

 Spells                   Type           Power        Failure   Level  Hunger
 Animate Skeleton         Necr           N/A          50%         1    ##.....
 Apportation              Tloc           #.....       50%         1    ##.....
 Beastly Appendage        Tmut           #.....       50%         1    ##.....
 Confusing Touch          Hex            #.....       50%         1    ##.....
 Corona                   Hex            #......      50%         1    ##.....
 Infusion                 Chrm           #...         50%         1    ##.....
 Summon Small Mammal      Summ           #...         50%         1    ##.....
 Call Imp                 Summ           #.......     65%         2    ###....
 Ensorcelled Hibernation  Hex/Ice        #.....       65%         2    ###....
 Poisonous Vapours        Pois/Air       #.....       65%         2    ###....
 Shroud of Golubria       Chrm/Tloc      #.........   65%         2    ###....
 Song of Slaying          Chrm           #.......     65%         2    ###....
 Sticks to Snakes         Tmut           #.......     65%         2    ###....
 Call Canine Familiar     Summ           #.......     86%         3    ####...
 Confuse                  Hex            #.......     86%         3    ####...
 Conjure Flame            Conj/Fire      #.......     86%         3    ####...
 Dazzling Spray           Conj/Hex       #.....       86%         3    ####...
 Mephitic Cloud           Conj/Pois/Air  #.......     86%         3    ####...
 Regeneration             Chrm/Necr      #.........   86%         3    ####...
 Spectral Weapon          Hex/Chrm       #.......     86%         3    ####...
 Spider Form              Tmut/Pois      #.........   86%         3    ####...
 Summon Guardian Golem    Hex/Summ       #.......     86%         3    ####...
 Tukima's Dance           Hex            #.......     86%         3    ####...
 Ice Form                 Ice/Tmut       #.......     99%         4    #####..
 Summon Ice Beast         Ice/Summ       #.......     99%         4    #####..
 Summon Lightning Spire   Summ/Air       #.......     99%         4    #####..
 Blade Hands              Tmut           #.........   100%        5    ######.
 Bolt of Magma            Conj/Fire/Erth #.........   100%        5    ######.
 Iskenderun's Battlesphe  Conj/Chrm      #.......     100%        5    ######.
 Venom Bolt               Conj/Pois      #.........   100%        5    ######.
 Freezing Cloud           Conj/Ice/Air   #.........   100%        6    #######
 Iron Shot                Conj/Erth      #.........   100%        6    #######
 Orb of Destruction       Conj           #.........   100%        7    #######
 Ring of Flames           Chrm/Fire      #.........   100%        7    #######
 Spellforged Servitor     Conj/Summ      #.........   100%        7    #######


Dungeon Overview and Level Annotations

Branches:
Dungeon (10/15)            Temple (1/1) D:7             Orc (0/2) D:10
   Lair: D:8-11

Altars:
Ashenzari
Cheibriados
Dithmenos
Elyvilon
Fedhas
Gozag
Hepliaklqana
Kikubaaqudgha
Makhleb
Nemelex Xobeh
Okawaru
Qazlal
Ru
Sif Muna
Trog
Uskayaw
Vehumet
Wu Jian
Xom
Yredelemnul
Zin
The Shining One

Annotations:
D:10 Josephine


Innate Abilities, Weirdness & Mutations

You are too large for most types of armour.
You have claws for hands.
Your metabolism is lightning-fast.
You like to eat raw meat.
Your natural rate of healing is unusually fast.
You are covered in fur. (AC +1)
You have very tough skin. (AC +2)
You have a pair of small horns on your head.
You are robust. (+10% HP)
Your muscles are strong. (Str +2)


Message History

* * * LOW HITPOINT WARNING * * *
Josephine draws life force from you and is healed!
The wraith barely misses you.
You mangle Josephine!!
Josephine is almost dead.
You feel yourself speed up. The wraith barely misses you. The wraith hits you!
* * * LOW HITPOINT WARNING * * *
Josephine hits you with a dagger.
* * * LOW HITPOINT WARNING * * *
The wraith barely misses you. The wraith hits you but does no damage.
You closely miss Josephine. You headbutt Josephine.
Josephine is almost dead.
The wraith hits you but does no damage. Josephine completely misses you.
The wraith hits you!
* * * LOW HITPOINT WARNING * * *
You feel better. The wraith closely misses you. The wraith misses you.
Josephine gestures at you while chanting.
The ghostly flame explodes!
The ghostly fireball engulfs you!
You feel drained.
You die...

# # # ###### # #....#
######## ######.#
#......# .#####.##
#......#
....##..#####......#
#..........##...WW.#
................@@$#
...........##....W......
..................####..
............#####.#
.............## ...
..............# ....
.##.........#.###.....
.###.#...#.....#......
.# #...............


You could see Josephine and 3 wraiths.

Vanquished Creatures
  Psyche (D:9)
  A troll (D:9)
  A spriggan (D:8)
  3 wraiths (D:10)
  A steam dragon (D:7)
  A water moccasin (D:8)
  Duvessa (D:6)
  2 orc warriors
  4 sky beasts
  3 ice beasts
  A necrophage (D:9)
  3 phantoms
  4 ogres
  A centaur (D:8)
  A big kobold (D:4)
  Dowan (D:6)
  5 bullfrogs
  A wyvern skeleton (D:6)
  2 scorpions
  7 killer bees
  5 wights (D:8)
  A howler monkey (D:4)
  2 crimson imps
  A centaur zombie (D:8)
  2 jellies (D:9)
  2 centaur skeletons
  5 hounds
  7 orc priests
  3 bullfrog skeletons
  10 orc wizards
  9 worker ants
  A hound skeleton (D:5)
  A howler monkey zombie (D:5)
  2 worker ant zombies
  4 gnolls (D:4)
  11 adders
  A shadow imp (D:10)
  3 oozes
  An adder zombie (D:5)
  3 worms
  3 dart slugs
  4 leopard geckos
  34 orcs
  3 ball pythons
  5 giant cockroaches
  7 goblins
  5 hobgoblins
  29 jackals
  A quokka (D:9)
  7 bats
  7 frilled lizards
  16 kobolds
  2 quokka skeletons
  12 rats
253 creatures vanquished.

Notes
Turn   | Place    | Note
-------+----------+-------------------------------------------
     0 | D:1      | imbaray the Troll Monk began the quest for the Orb.
     0 | D:1      | Reached XP level 1. HP: 22/22 MP: 0/0
    40 | D:1      | Reached XP level 2. HP: 29/29 MP: 1/1
   846 | D:2      | Reached XP level 3. HP: 36/36 MP: 2/2
   920 | D:2      | Reached skill level 4 in Unarmed Combat
  1275 | D:2      | Reached XP level 4. HP: 34/44 MP: 3/3
  1637 | D:3      | Reached skill level 5 in Unarmed Combat
  1637 | D:3      | Reached XP level 5. HP: 11/50 MP: 4/4
  1657 | D:3      | Gained mutation: Your muscles are strong. (Str +2) [potion
                  | of mutation]
  1657 | D:3      | Gained mutation: You have a pair of small horns on your
                  | head. [potion of mutation]
  1657 | D:3      | Gained mutation: You are robust. (+10% HP) [potion of
                  | mutation]
  1861 | D:3      | You fall through a shaft!
  1877 | D:4      | Reached XP level 6. HP: 55/64 MP: 5/5
  2047 | D:4      | Reached skill level 6 in Unarmed Combat
  2059 | D:4      | You fall through a shaft for 2 floors!
  2078 | D:6      | Noticed a sky beast
  2089 | D:6      | Killed a sky beast
  2105 | D:6      | Noticed Duvessa
  2105 | D:6      | Noticed Dowan
  2111 | D:6      | Killed Duvessa
  2111 | D:6      | Reached XP level 7. HP: 69/72 MP: 6/6
  2123 | D:6      | Killed Dowan
  2123 | D:6      | Reached skill level 7 in Unarmed Combat
  2403 | D:5      | Entered Level 5 of the Dungeon
  2417 | D:4      | Found a sparkling altar of Nemelex Xobeh.
  2489 | D:4      | Reached skill level 5 in Dodging
  2489 | D:4      | Reached skill level 8 in Unarmed Combat
  2728 | D:4      | Reached XP level 8. HP: 80/81 MP: 7/7
  3257 | D:5      | Reached skill level 5 in Fighting
  3257 | D:5      | Reached skill level 11 in Unarmed Combat
  3257 | D:5      | Reached XP level 9. HP: 96/96 MP: 8/8
  3378 | D:5      | Found a hide-covered altar of Uskayaw.
  3379 | D:5      | Found a white marble altar of Elyvilon.
  3379 | D:5      | Found an ancient bone altar of Kikubaaqudgha.
  3380 | D:5      | Found a hazy altar of Hepliaklqana.
  3415 | D:5      | Reached skill level 12 in Unarmed Combat
  4608 | D:7      | Reached XP level 10. HP: 93/105 MP: 9/9
  4739 | D:7      | Found a staircase to the Ecumenical Temple.
  4745 | Temple   | Entered the Ecumenical Temple
  4865 | Temple   | Became a worshipper of the Wu Jian Council
  4865 | Temple   | Reached * piety under Wu Jian
  4865 | Temple   | Reached ** piety under Wu Jian
  4925 | D:7      | Found a sparkling altar of Nemelex Xobeh.
  4930 | D:7      | Found a shadowy altar of Dithmenos.
  5441 | D:8      | Reached skill level 13 in Unarmed Combat
  5704 | D:9      | Reached *** piety under Wu Jian
  6116 | D:9      | Noticed Psyche
  6170 | D:9      | Killed Psyche
  6325 | D:9      | Reached skill level 1 in Evocations
  6608 | D:10     | Entered Level 10 of the Dungeon
  6643 | D:10     | Found a staircase to the Orcish Mines.
  6893 | D:10     | Noticed Josephine
  6902 | D:10     | HP: 5/107 [wraith[Josephine] (9)]
  6903 | D:10     | Killed from afar by Josephine

Skill      XL: |  1  2  3  4  5  6  7  8  9 10 |
---------------+-------------------------------+-----
Unarmed Combat | 4 5 6 8 11 12 13 | 13.2
Dodging        | 3 4 5 7 8 |  8.6
Fighting       | 5 6 |  6.0
Evocations     | 1 |  1.7
Stealth        | |  1.0

Action                   |  1- 3 |  4- 6 |  7- 9 | 10-12 || total
-------------------------+-------+-------+-------+-------++-------
Melee: Unarmed           |   128 |   123 |   276 |   171 ||   698
       Punch             |     1 |     1 |     8 |    13 ||    23
       Headbutt          |       |     7 |    56 |    42 ||   105
Invok: Lunge             |       |       |       |    18 ||    18
  Use: Potion            |       |     4 |     1 |     2 ||     7
       Scroll            |       |       |    19 |     5 ||    24
 Stab: Sleeping          |     3 |       |     1 |     3 ||     7
       Distracted        |       |       |     1 |       ||     1
  Eat: Chunk             |    17 |     7 |    23 |    22 ||    69
Armor: Robe              |    46 |    52 |    93 |    18 ||   209
       Troll leather arm |       |       |       |    10 ||    10
Dodge: Dodged            |    67 |   109 |   200 |    83 ||   459
